ORI
UNIVERSITY OF FLORIDA GATORS @ CALIFORNIA STATE UNIVERSITY AT FULLERTON TITANS
11/12/2045
 
TOP OF THE 1ST
Bradenton Marauders batting - Pitching for Richmond Flying Squirrels : LHP Yasuaki Yamada
Pitching: LHP Yasuaki Yamada
Batting: RHB Slamet Pamungkas 0-0: Foul Ball, location: 2F
0-1: Ball
1-1: Swinging Strike
1-2: Ball
2-2: SINGLE (Line Drive, 34D, EV 96.3 MPH)
Batting: RHB Yoshiaki Tsutsui 0-0: Ball
1-0: Foul Ball, location: 2F
1-1: Foul Ball, location: 2F
1-2: Ground out 6-3 (Groundball, 6MS, EV 62.5 MPH)
Slamet Pamungkas to second
Batting: SHB Mike Jorgenson 0-0: Swinging Strike
0-1: Swinging Strike
0-2: Foul Ball, location: 2F
0-2: Foul Ball, location: 2F
0-2: Strikes out swinging
Batting: RHB Pedro Criollo 0-0: Called Strike
0-1: Ball
1-1: Swinging Strike
1-2: Ball
2-2: Ball
3-2: Foul Ball, location: 2F
3-2: Base on Balls
Batting: RHB Sergio Aceves 0-0: Foul Ball, location: 2F
0-1: Foul Ball, location: 2F
0-2: Ball
1-2: Strikes out looking
Top of the 1st over - 0 runs, 1 hit, 0 errors, 2 left on base; Bradenton 0 - Richmond 0
BOTTOM OF THE 1ST
Richmond Flying Squirrels batting - Pitching for Bradenton Marauders : RHP Tich Cao
Pitching: RHP Tich Cao
Batting: LHB Mario Maria 0-0: Foul Ball, location: 2F
0-1: Called Strike
0-2: Ball
1-2: Fly out, F7 (Flyball, 78D, EV 99.4 MPH)
Batting: LHB Jason Franks 0-0: Ball
1-0: Swinging Strike
1-1: Swinging Strike
1-2: Strikes out swinging
Batting: RHB Jake Schmiege 0-0: Foul Ball, location: 2F
0-1: Foul Ball, location: 2F
0-2: Ball
1-2: Strikes out looking
Bottom of the 1st over - 0 runs, 0 hits, 0 errors, 0 left on base; Bradenton 0 - Richmond 0
TOP OF THE 2ND
Bradenton Marauders batting - Pitching for Richmond Flying Squirrels : LHP Yasuaki Yamada
Batting: LHB Alex Mandry 0-0: Called Strike
0-1: Ball
1-1: Foul Ball, location: 2F
1-2: SINGLE (Groundball, 25, EV 66.3 MPH) (infield hit)
Batting: RHB Rui Sanchez 0-0: Ball
1-0: Foul Ball, location: 2F
1-1: Foul Ball, location: 2F
1-2: Strikes out swinging
Batting: SHB Francisco Salazar 0-0: Ball
1-0: Swinging Strike
Passed Ball!
Alex Mandry to second
1-1: Ball
2-1: Foul Ball, location: 2F
2-2: Ground out 5-3 (Groundball, 5L, EV 83.8 MPH)
Batting: RHB Tich Cao 0-0: Called Strike
0-1: Ball
1-1: Called Strike
1-2: Strikes out swinging
Top of the 2nd over - 0 runs, 1 hit, 0 errors, 1 left on base; Bradenton 0 - Richmond 0
BOTTOM OF THE 2ND
Richmond Flying Squirrels batting - Pitching for Bradenton Marauders : RHP Tich Cao
Batting: RHB Mike Senter 0-0: Ground out 5-3 (Groundball, 56S, EV 66.9 MPH)
Batting: RHB Pablo Langenberg 0-0: Ground out 4-3 (Groundball, 4M, EV 79.4 MPH)
Batting: RHB Waki Matsui 0-0: Ball
1-0: Called Strike
1-1: SOLO HOME RUN (Line Drive, 7LD, EV 100.6 MPH), Distance : 354 ft
Batting: LHB Chris Whitsitt 0-0: Ground out U3 (Groundball, 3L, EV 108.8 MPH)
Bottom of the 2nd over - 1 run, 1 hit, 0 errors, 0 left on base; Bradenton 0 - Richmond 1
TOP OF THE 3RD
Bradenton Marauders batting - Pitching for Richmond Flying Squirrels : LHP Yasuaki Yamada
Batting: RHB Slamet Pamungkas 0-0: Ball
1-0: Ball
2-0: Ball
3-0: Called Strike
3-1: Base on Balls
Batting: RHB Yoshiaki Tsutsui 0-0: Ball
1-0: Foul Ball, location: 2F
1-1: Ball
2-1: Swinging Strike
2-2: Strikes out looking
Batting: SHB Mike Jorgenson 0-0: Ball
1-0: Ball
2-0: Ball
3-0: Called Strike
3-1: Called Strike
3-2: Base on Balls
Slamet Pamungkas to second
Batting: RHB Pedro Criollo 0-0: Ball
1-0: Called Strike
1-1: Ball
2-1: Fly out, F9 (Line Drive, 9, EV 91.9 MPH)
Batting: RHB Sergio Aceves 0-0: Called Strike
0-1: Called Strike
0-2: DOUBLE (Line Drive, 9LS, EV 98.1 MPH)
Slamet Pamungkas scores
Mike Jorgenson to third
Batting: LHB Alex Mandry 0-0: Ball
1-0: Foul Ball, location: 2F
1-1: Foul Ball, location: 2F
1-2: Ground out 4-3 (Groundball, 4, EV 98.1 MPH)
Top of the 3rd over - 1 run, 1 hit, 0 errors, 2 left on base; Bradenton 1 - Richmond 1
BOTTOM OF THE 3RD
Richmond Flying Squirrels batting - Pitching for Bradenton Marauders : RHP Tich Cao
Batting: RHB Danny Rivera 0-0: DOUBLE (Line Drive, 8RD, EV 108.1 MPH)
Batting: LHB Yasuaki Yamada 0-0: Bunt missed!
0-1: Sac Bunt to 13S - play at first, batter OUT! 1-4
Danny Rivera to third
Batting: LHB Mario Maria 0-0: Swinging Strike
0-1: 2-RUN HOME RUN (Flyball, 8RXD, EV 93.8 MPH), Distance : 444 ft
Batting: LHB Jason Franks 0-0: Ball
1-0: Called Strike
1-1: Fly out, F3 (Line Drive, 3, EV 63.1 MPH)
Batting: RHB Jake Schmiege 0-0: Ball
1-0: Ball
2-0: Called Strike
2-1: Foul Ball, location: 2F
2-2: Foul Ball, location: 2F
2-2: Foul Ball, location: 2F
2-2: Strikes out looking
Bottom of the 3rd over - 2 runs, 2 hits, 0 errors, 0 left on base; Bradenton 1 - Richmond 3
TOP OF THE 4TH
Bradenton Marauders batting - Pitching for Richmond Flying Squirrels : LHP Yasuaki Yamada
Batting: RHB Rui Sanchez 0-0: Ground out 6-3 (Groundball, 6, EV 83.8 MPH)
Batting: SHB Francisco Salazar 0-0: Ball
1-0: Ball
2-0: Ball
3-0: Base on Balls
Batting: RHB Tich Cao 0-0: Called Strike
0-1: Bunted foul
0-2: Bunt - Flyout to 2R! F2
Batting: RHB Slamet Pamungkas 0-0: Ball
1-0: Called Strike
1-1: Ball
2-1: Called Strike
2-2: Ball
Francisco Salazar steals 2nd, throwing error, E2
Francisco Salazar to third
3-2: Foul Ball, location: 2F
3-2: Foul Ball, location: 2F
3-2: Foul Ball, location: 2F
3-2: Foul Ball, location: 2F
3-2: SINGLE (Line Drive, 5L, EV 96.3 MPH)
Francisco Salazar scores
Batting: RHB Yoshiaki Tsutsui 0-0: Ball
1-0: Ball
2-0: Fly out, F5 (Line Drive, 5, EV 66.3 MPH)
Top of the 4th over - 1 run, 1 hit, 1 error, 1 left on base; Bradenton 2 - Richmond 3
BOTTOM OF THE 4TH
Richmond Flying Squirrels batting - Pitching for Bradenton Marauders : RHP Tich Cao
Batting: RHB Mike Senter 0-0: Called Strike
0-1: Foul Ball, location: 2F
0-2: SOLO HOME RUN (Flyball, 7LD, EV 90.6 MPH), Distance : 362 ft
Batting: RHB Pablo Langenberg 0-0: Fly out, F8 (Flyball, 8RS, EV 90.6 MPH)
Batting: RHB Waki Matsui 0-0: Foul Ball, location: 2F
0-1: Called Strike
0-2: Fly out, F4 (Popup, 34S, EV 65.0 MPH)
Batting: LHB Chris Whitsitt 0-0: Fly out, F4 (Popup, 34D, EV 58.8 MPH)
Bottom of the 4th over - 1 run, 1 hit, 0 errors, 0 left on base; Bradenton 2 - Richmond 4
TOP OF THE 5TH
Bradenton Marauders batting - Pitching for Richmond Flying Squirrels : LHP Yasuaki Yamada
Pitching: RHP Chris Murphy
Batting: SHB Mike Jorgenson 0-0: Ball
1-0: Ball
2-0: Ball
3-0: Called Strike
3-1: Base on Balls
Batting: RHB Pedro Criollo 0-0: Ball
1-0: Ball
2-0: Called Strike
2-1: Foul Ball, location: 2F
2-2: Ball
3-2: Base on Balls
Mike Jorgenson to second
Batting: RHB Sergio Aceves 0-0: Called Strike
0-1: Fielders Choice at 2nd, 2-4 (Groundball, 15S, EV 68.8 MPH)
Mike Jorgenson to third
Batting: LHB Alex Mandry 0-0: SINGLE (Line Drive, 56D, EV 108.1 MPH)
Mike Jorgenson scores
Sergio Aceves to second
Batting: RHB Rui Sanchez 0-0: Called Strike
0-1: Ball
1-1: Foul Ball, location: 2F
1-2: Hit by Pitch
Sergio Aceves to third
Alex Mandry to second
Batting: SHB Francisco Salazar 0-0: Ball
1-0: Ball
2-0: Called Strike
2-1: Fly out, F8 (Flyball, 8LM, EV 86.9 MPH)
Batting: RHB Tich Cao 0-0: Foul Ball, location: 2F
0-1: Foul Ball, location: 2F
0-2: Foul Ball, location: 2F
0-2: Ball
1-2: Ball
2-2: Strikes out swinging
Top of the 5th over - 1 run, 1 hit, 0 errors, 3 left on base; Bradenton 3 - Richmond 4
BOTTOM OF THE 5TH
Richmond Flying Squirrels batting - Pitching for Bradenton Marauders : RHP Tich Cao
Batting: RHB Danny Rivera 0-0: Ground out 1-3 (Groundball, 13, EV 71.9 MPH)
Batting: RHB Chris Murphy 0-0: Called Strike
0-1: Foul Ball, location: 2F
0-2: SOLO HOME RUN (Line Drive, 9LD, EV 104.4 MPH), Distance : 373 ft
Batting: LHB Mario Maria 0-0: Fly out, F7 (Flyball, 7S, EV 83.8 MPH)
Batting: LHB Jason Franks 0-0: Called Strike
0-1: SOLO HOME RUN (Flyball, 9D, EV 109.4 MPH), Distance : 393 ft
Batting: RHB Jake Schmiege 0-0: Ball
1-0: Foul Ball, location: 2F
1-1: Swinging Strike
1-2: Strikes out swinging
Bottom of the 5th over - 2 runs, 2 hits, 0 errors, 0 left on base; Bradenton 3 - Richmond 6
TOP OF THE 6TH
Bradenton Marauders batting - Pitching for Richmond Flying Squirrels : RHP Chris Murphy
Batting: RHB Slamet Pamungkas 0-0: Fly out, F8 (Flyball, 8LD, EV 103.1 MPH)
Batting: RHB Yoshiaki Tsutsui 0-0: Called Strike
0-1: Called Strike
0-2: Strikes out swinging
Batting: SHB Mike Jorgenson 0-0: Ground out 4-3 (Groundball, 4S, EV 85.0 MPH)
Top of the 6th over - 0 runs, 0 hits, 0 errors, 0 left on base; Bradenton 3 - Richmond 6
BOTTOM OF THE 6TH
Richmond Flying Squirrels batting - Pitching for Bradenton Marauders : RHP Tich Cao
Batting: RHB Mike Senter 0-0: Ball
1-0: Ball
2-0: SOLO HOME RUN (Flyball, 78XD, EV 101.3 MPH), Distance : 406 ft
Pitching: RHP Kun-young Choy
Batting: RHB Pablo Langenberg 0-0: Swinging Strike
0-1: SINGLE (Groundball, 34D, EV 93.8 MPH)
Batting: RHB Waki Matsui 0-0: Fielders Choice at 2nd, 6-4 (Groundball, 6, EV 80.6 MPH)
Batting: LHB Chris Whitsitt 0-0: Ball
1-0: Ball
2-0: Called Strike
2-1: Foul Ball, location: 2F
2-2: Foul Ball, location: 2F
2-2: Fly out, F7 (Flyball, 7LM, EV 106.3 MPH)
Batting: RHB Danny Rivera 0-0: Ball
1-0: Called Strike
1-1: Ground out 5-3 (Groundball, 5S, EV 78.1 MPH)
Bottom of the 6th over - 1 run, 2 hits, 0 errors, 1 left on base; Bradenton 3 - Richmond 7
TOP OF THE 7TH
Bradenton Marauders batting - Pitching for Richmond Flying Squirrels : RHP Chris Murphy
Batting: RHB Pedro Criollo 0-0: Called Strike
0-1: Ground out 2-3 (Groundball, 13S, EV 66.9 MPH)
Batting: RHB Sergio Aceves 0-0: Ball
1-0: Called Strike
1-1: Fly out, F8 (Flyball, 78S, EV 88.1 MPH)
Batting: LHB Alex Mandry 0-0: Ball
1-0: Ground out 4-3 (Groundball, 4, EV 80.0 MPH)
Top of the 7th over - 0 runs, 0 hits, 0 errors, 0 left on base; Bradenton 3 - Richmond 7
BOTTOM OF THE 7TH
Richmond Flying Squirrels batting - Pitching for Bradenton Marauders : RHP Kun-young Choy
Pinch Hitting: RHB Jesus Portalatin 0-0: Ball
1-0: Ball
2-0: Called Strike
2-1: Foul Ball, location: 2F
2-2: Ball
3-2: Foul Ball, location: 2F
3-2: Foul Ball, location: 2F
3-2: Fly out, F8 (Flyball, 8RXD, EV 100.6 MPH)
Batting: LHB Mario Maria 0-0: Swinging Strike
0-1: Ball
1-1: Ball
2-1: SINGLE (Line Drive, 4M, EV 109.4 MPH)
Batting: LHB Jason Franks 0-0: Ball
Mario Maria steals 2nd base
1-0: Ball
Mario Maria steals 3rd base
2-0: Ball
3-0: Called Strike
3-1: Base on Balls
Batting: RHB Jake Schmiege 0-0: Ball
1-0: Fly out, F8 (Flyball, 89D, EV 92.5 MPH)
Runner from 3rd tags up, SCORES, throw by CF
Batting: RHB Mike Senter 0-0: Ball
1-0: Ball
2-0: Ball
3-0: Base on Balls
Jason Franks to second
Pitching: RHP Mark Campbell
Batting: RHB Pablo Langenberg 0-0: Called Strike
0-1: Swinging Strike
0-2: Strikes out looking
Bottom of the 7th over - 1 run, 1 hit, 0 errors, 2 left on base; Bradenton 3 - Richmond 8
TOP OF THE 8TH
Bradenton Marauders batting - Pitching for Richmond Flying Squirrels : RHP Chris Murphy
Pitching: RHP Ryan Ozbun
Batting: RHB Rui Sanchez 0-0: Ball
1-0: Ball
2-0: Called Strike
2-1: Foul Ball, location: 2F
2-2: Strikes out swinging
Batting: SHB Francisco Salazar 0-0: Ball
1-0: Ball
2-0: Ball
3-0: Base on Balls
Pinch Hitting: RHB Nelson Ozuna 0-0: Called Strike
0-1: Ball
1-1: Ball
2-1: Called Strike
2-2: Ball
3-2: Strikes out swinging
Francisco Salazar steals 2nd base (no throw)
Batter strikes out.
Batting: RHB Slamet Pamungkas 0-0: Called Strike
0-1: Foul Ball, location: 2F
0-2: Ball
1-2: DOUBLE (Line Drive, 8LXD, EV 101.9 MPH)
Francisco Salazar scores
Batting: RHB Yoshiaki Tsutsui 0-0: Ball
Wild Pitch!
Slamet Pamungkas to third
1-0: Ground out 5-3 (Groundball, 56S, EV 76.3 MPH)
Top of the 8th over - 1 run, 1 hit, 0 errors, 1 left on base; Bradenton 4 - Richmond 8
BOTTOM OF THE 8TH
Richmond Flying Squirrels batting - Pitching for Bradenton Marauders : RHP Mark Campbell
Pitching: LHP Dan Penley
Batting: RHB Waki Matsui 0-0: SINGLE (Groundball, 4S, EV 73.8 MPH) (infield hit)
Batting: LHB Chris Whitsitt 0-0: Foul Ball, location: 2F
0-1: Ball
1-1: Swinging Strike
1-2: Fly out, F8 (Flyball, 8RXD, EV 106.3 MPH)
Runner from 1st tags up, SAFE at 2nd
Batting: RHB Danny Rivera 0-0: Swinging Strike
0-1: Ball
1-1: Foul Ball, location: 2F
1-2: Ball
2-2: Ball
3-2: Strikes out swinging
Pinch Hitting: SHB Cesar Jimenez 0-0: Ball
1-0: Called Strike
1-1: Fly out, F3 (Line Drive, 3, EV 66.9 MPH)
Bottom of the 8th over - 0 runs, 1 hit, 0 errors, 1 left on base; Bradenton 4 - Richmond 8
TOP OF THE 9TH
Bradenton Marauders batting - Pitching for Richmond Flying Squirrels : RHP Ryan Ozbun
Pitching: RHP David Torres
Batting: SHB Mike Jorgenson 0-0: Ball
1-0: Ball
2-0: Ball
3-0: Called Strike
3-1: Base on Balls
Batting: RHB Pedro Criollo 0-0: 2-RUN HOME RUN (Line Drive, 7D, EV 106.3 MPH), Distance : 388 ft
Pitching: LHP Jace Brennan
Batting: RHB Sergio Aceves 0-0: Ball
1-0: Ball
2-0: Called Strike
2-1: Foul Ball, location: 2F
2-2: Strikes out swinging
Batting: LHB Alex Mandry 0-0: Ball
1-0: Ball
2-0: Ball
3-0: Called Strike
3-1: SINGLE (Groundball, 13S, EV 71.9 MPH) (infield hit)
Pinch Hitting: RHB Lupe Covarrubias 0-0: Ball
1-0: SINGLE (Line Drive, 9S, EV 91.3 MPH)
Alex Mandry to second
Pinch Hitting: RHB Raul Mendoza 0-0: Called Strike
0-1: Foul Ball, location: 2F
0-2: Grounds into double play, 4-6-3 (Groundball, 34, EV 101.9 MPH)
Top of the 9th over - 2 runs, 3 hits, 0 errors, 1 left on base; Bradenton 6 - Richmond 8
Wednesday, June 22nd , 2022 - OOTP Baseball 23.4 Build 64